Arrhythmia, lawful female dwarven Valkyrie ----------- ------------ ------- |...<.....| |..........|0I0##################-..|..| |.........| |...........# |.....| |.........| --------.---# |.....| -|-----.--- # # #......| ## ## # # ###|.....| # # # p # ----.-- ############################%#@o########### ### # -----+--- # o -------.-- # # |.......| ----------.- ### |........|### # |..>.....######.........).| # |........|# # |.......| |..........| ##.........|# # --------- |..........| |.......)|# # |..........| |.>.......# ############ |..........| ---------- -+-.- ------------ |...| |...| |...| ----- Arrhythmia the Fighter Experience level: 6 Strength: 18/04 Dexterity: 10 Constitution: 13 Intelligence: 9 Wisdom: 11 Charisma: 10 Health: 0(51) Energy: 8(8) AC: 3 Gold: 495 Moves: 2111 Your Inventory: Coins $ - 495 gold pieces Weapons a - a blessed very rusty +1 long sword (weapon in hand) b - an uncursed +0 dagger Armor c - an uncursed +3 small shield (being worn) l - an [uncursed] +0 orcish helm (being worn) s - a cursed -1 studded leather armor (being worn) Comestibles k - an [uncursed stale] egg r - an [uncursed] tin [of rothe meat] t - an [uncursed] melon Scrolls g - an [uncursed] unlabeled scroll [of blank paper] i - an [uncursed] scroll labeled HAPAX LEGOMENON [of taming] o - an [uncursed] scroll labeled NR 9 [of earth] Spellbooks f - an [uncursed] spellbook of identify Potions h - an [uncursed] greasy potion [of gain energy] m - an [uncursed] pink potion [of restore ability] Rings q - an [uncursed] copper ring [of conflict] Tools j - an [uncursed] pair of lenses (being worn) n - an [uncursed] expensive camera [0:89] Gems p - an [uncursed] white gem [worthless glass] Spells known in the end: Name Level Category Fail Memory a - identify 3 divination 100% [||||||||] Your skills at the end: Fighting Skills Weapon Skills dagger [Basic / Expert] long sword [Basic / Expert] Spellcasting Skills Final Attributes: You were piously aligned. Hunger level was 205. Your alignment was 20 / 20. Monster difficulty range was 0 - 5. Level difficulty was 4. You were immune to cold. You resisted poison. You had infravision. You were stealthy. Your luck was zero. You are dead. Vanquished creatures: 2 Uruk-hai 2 shriekers 2 homunculi a kobold lord a giant bat 2 dwarf zombies a werejackal 3 iguanas a hobgoblin 2 giant rats a cave spider a yellow mold a red mold a gecko 5 jackals a fox a kobold 2 goblins 5 grid bugs a bat 2 lichens 4 kobold zombies 5 newts 47 creatures vanquished. Voluntary challenges: You used a wielded weapon 59 times. You read items or engraved 6 times. You put on armor 3 times. You never genocided any monsters. You never polymorphed an object. You never changed form. You used no wishes. You never wrote Elbereth's name. You never encountered a bones level. You never used any Sokoban shortcuts. Dungeon overview: The Dungeons of Doom: levels 1 to 4 Level 1 a long staircase Level 2 a general store Level 3 some fountains Level 4 <- You were here a long staircase History has recorded: On T:1 you entered the Dungeons of Doom to retrieve the Amulet of Yendor! On T:588 you advanced to experience level 2. On T:600 you reached level 2 of The Dungeons of Doom. On T:886 you advanced to experience level 3. On T:958 you advanced to experience level 4. On T:1066 you reached level 3 of The Dungeons of Doom. On T:1315 you advanced to experience level 5. On T:1670 you reached level 4 of The Dungeons of Doom. On T:1880 you advanced to experience level 6. Latest messages: The Uruk-hai hits! [HP-7=35] You hit the Uruk-hai! The Uruk-hai thrusts her orcish short sword. The Uruk-hai hits! [HP-8=27] You kill the Uruk-hai! The Uruk-hai thrusts her orcish short sword. The Uruk-hai hits! (2x) [HP-13=14] [HP+1=15] You miss the Uruk-hai. The Uruk-hai misses. The Uruk-hai shoots a poisoned orcish arrow! You are hit by a poisoned orcish arrow. You hear a door open. [HP-4=11] You hit the Uruk-hai. The Uruk-hai wields an orcish short sword! You hit the Uruk-hai! The Uruk-hai thrusts his orcish short sword. The Uruk-hai hits! [HP-9=2] You kill the Uruk-hai! The Uruk-hai thrusts her orcish short sword. The Uruk-hai hits! You die... Final status: Farvel Arrhythmia the Valkyrie... You died in The Dungeons of Doom on dungeon level 4 with 1924 points, and 495 pieces of gold, after 2111 moves. You were level 6 with a maximum of 51 hit points when you died.